[ PARTIDA AOE2 · #478481507 ]
UnrankedKitán vs Persians
[ ANÁLISIS DE REPETICIÓN · EXTRAÍDO DE LA PARTIDA GRABADA ]
Feudal
9:17
Castillos
23:59
Imperial
47:49
| APM promedio | 51.3 |
| APM pico | 94 |
| eAPM promedio | 30.8 |
| Aldeanos / militares | 225 / 361 |
Foco
⚔️ 43.8% · 🌾 56.2%
Spearman ×146 · Unknown (1920) ×115 · Archer ×86 · Fire Lancer ×52 · Skirmisher ×51 · Trade Cart ×31
Feudal
10:26
Castillos
14:49
Imperial
36:42
| APM promedio | 52.4 |
| APM pico | 106 |
| eAPM promedio | 30.3 |
| Aldeanos / militares | 159 / 311 |
Foco
⚔️ 33.8% · 🌾 66.2%
Knight ×172 · Spearman ×137 · Trade Cart ×37 · Trebuchet (Packed) ×2
Feudal
9:50
Castillos
13:24
Imperial
41:44
| APM promedio | 49.8 |
| APM pico | 86 |
| eAPM promedio | 26.8 |
| Aldeanos / militares | 271 / 584 |
Foco
⚔️ 44.9% · 🌾 55.1%
Scout Cavalry ×275 · Knight ×235 · Camel Scout ×37 · Hand Cannoneer ×31 · Trade Cart ×22 · Bombard Cannon ×5
Feudal
9:08
Castillos
22:34
Imperial
48:31
| APM promedio | 31.9 |
| APM pico | 65 |
| eAPM promedio | 19.8 |
| Aldeanos / militares | 208 / 260 |
Foco
⚔️ 34.5% · 🌾 65.5%
Spearman ×152 · Ghulam ×88 · Armored Elephant ×8 · Mangonel ×6 · Trade Cart ×6 · Scorpion ×2
Feudal
10:09
Castillos
19:56
Imperial
50:59
| APM promedio | 40.2 |
| APM pico | 91 |
| eAPM promedio | 24.9 |
| Aldeanos / militares | 163 / 577 |
Foco
⚔️ 47.8% · 🌾 52.2%
Militia ×253 · Spearman ×200 · Knight ×77 · Scout Cavalry ×38 · Battering Ram ×6 · Scorpion ×3
Feudal
10:40
Castillos
18:01
Imperial
35:18
| APM promedio | 60.5 |
| APM pico | 127 |
| eAPM promedio | 28.9 |
| Aldeanos / militares | 174 / 616 |
Foco
⚔️ 30.3% · 🌾 69.7%
Knight ×535 · Scout Cavalry ×49 · Trade Cart ×28 · Battering Ram ×14 · Monk ×7 · Trebuchet (Packed) ×6
Feudal
7:58
Castillos
19:10
Imperial
36:36
| APM promedio | 43.7 |
| APM pico | 120 |
| eAPM promedio | 22.8 |
| Aldeanos / militares | 180 / 620 |
Foco
⚔️ 53.6% · 🌾 46.4%
Scout Cavalry ×276 · Scorpion ×127 · Knight ×120 · Trade Cart ×51 · Ballista Elephant ×34 · Battering Ram ×31
Feudal
9:40
Castillos
20:19
Imperial
51:51
| APM promedio | 40.1 |
| APM pico | 72 |
| eAPM promedio | 23.6 |
| Aldeanos / militares | 198 / 219 |
Foco
⚔️ 38.0% · 🌾 62.0%
Spearman ×120 · Archer ×46 · Chu Ko Nu ×33 · Battering Ram ×13 · Trade Cart ×6 · Trebuchet (Packed) ×4
Mapa de la partida
Recursos iniciales + cada clic de construcción. Líneas = muros · curvas = relieve. ◆ oro · ⬟ piedra · ● bayas · ✦ reliquia · ◌ hueco del cierre
Tu base· ✓ Cerrada en 23:59 · 4t muro · 3 puerta(s)
Base de Dunha· ✓ Cerrada en 14:49 · 0t muro · 2 puerta(s)
Base de 卡卡罗特· ✓ Cerrada en 13:24 · 0t muro · 2 puerta(s) · frágil
Base de 只会种田· ✓ Cerrada en 22:34 · 16t muro · 6 puerta(s) · frágil
Base de raw0000· ✓ Cerrada en 19:56 · 71t muro · 3 puerta(s)
Base de 前三十分钟没有我· ✓ Cerrada en 18:01 · 0t muro · 2 puerta(s) · frágil
Base de JENIX· ✓ Cerrada en 19:10 · 6t muro · 3 puerta(s)
Base de 不路路· ✓ Cerrada en 20:19 · 15t muro · 3 puerta(s)
Terreno inicial suavizado · ◌ = hueco del cierre detectado · pasá el cursor para detalles
Inputs por minuto
— Frostie - - Dunha
Build order — Frostie
Primeras 150 de 982 acciones detectadas
| 0:01 | Crear | Villager (Male) |
| 0:01 | Crear | Villager (Male) |
| 0:02 | Construir | House |
| 0:03 | Construir | House |
| 0:21 | Crear | Villager (Male) |
| 0:21 | Crear | Villager (Male) |
| 0:22 | Crear | Villager (Male) |
| 1:19 | Crear | Villager (Male) |
| 1:19 | Crear | Villager (Male) |
| 1:59 | Crear | Villager (Male) |
| 2:04 | Construir | Lumber Camp |
| 2:13 | Crear | Villager (Male) |
| 2:14 | Crear | Villager (Male) |
| 2:30 | Crear | Villager (Male) |
| 2:30 | Crear | Villager (Male) |
| 2:30 | Crear | Villager (Male) |
| 3:08 | Crear | Villager (Male) |
| 3:25 | Construir | House |
| 3:50 | Crear | Villager (Male) |
| 3:50 | Crear | Villager (Male) |
| 3:51 | Crear | Villager (Male) |
| 4:34 | Crear | Villager (Male) |
| 4:38 | Crear | Villager (Male) |
| 4:49 | Crear | Villager (Male) |
| 4:49 | Crear | Villager (Male) |
| 4:55 | Crear | Villager (Male) |
| 4:57 | Investigar | Loom |
| 5:58 | Construir | Mining Camp |
| 6:29 | Construir | Mill |
| 7:07 | Investigar | Feudal Age |
| 7:07 | Investigar | Feudal Age |
| 8:07 | Construir | Barracks |
| 8:21 | Construir | House |
| 8:54 | Crear | Villager (Male) |
| 9:17 | Edad | Edad Feudal |
| 9:24 | Crear | Villager (Male) |
| 9:35 | Construir | Archery Range |
| 9:50 | Investigar | Double-Bit Axe |
| 10:09 | Crear | Villager (Male) |
| 10:09 | Crear | Villager (Male) |
| 10:19 | Crear | Archer |
| 10:22 | Construir | House |
| 10:39 | Crear | Villager (Male) |
| 10:50 | Crear | Villager (Male) |
| 10:57 | Construir | Archery Range |
| 10:58 | Crear | Archer |
| 11:09 | Crear | Villager (Male) |
| 11:18 | Crear | Villager (Male) |
| 11:22 | Crear | Archer |
| 11:39 | Crear | Archer |
| 11:40 | Crear | Villager (Male) |
| 12:06 | Construir | Blacksmith |
| 12:06 | Crear | Archer |
| 12:07 | Crear | Archer |
| 12:13 | Construir | House |
| 12:15 | Construir | House |
| 12:25 | Construir | Mill |
| 12:30 | Crear | Archer |
| 12:31 | Crear | Archer |
| 12:39 | Construir | Palisade Gate |
| 12:54 | Crear | Archer |
| 13:00 | Crear | Archer |
| 13:05 | Construir | House |
| 13:06 | Construir | House |
| 13:09 | Construir | Palisade Wall |
| 13:14 | Crear | Archer |
| 13:20 | Crear | Villager (Male) |
| 13:31 | Crear | Archer |
| 13:56 | Crear | Archer |
| 13:56 | Crear | Archer |
| 14:00 | Investigar | Fletching |
| 14:01 | Investigar | Fletching |
| 14:02 | Construir | House |
| 14:06 | Construir | Pasture |
| 14:17 | Crear | Archer |
| 14:17 | Crear | Archer |
| 14:24 | Construir | House |
| 14:28 | Construir | Palisade Wall |
| 14:34 | Crear | Archer |
| 14:34 | Crear | Archer |
| 14:40 | Crear | Villager (Male) |
| 14:40 | Crear | Villager (Male) |
| 15:19 | Crear | Villager (Male) |
| 15:19 | Crear | Villager (Male) |
| 15:31 | Crear | Archer |
| 15:31 | Crear | Archer |
| 15:48 | Crear | Archer |
| 15:48 | Crear | Archer |
| 15:48 | Crear | Archer |
| 15:52 | Crear | Villager (Male) |
| 15:53 | Crear | Villager (Male) |
| 15:55 | Construir | Pasture |
| 16:13 | Crear | Villager (Male) |
| 16:14 | Construir | House |
| 16:15 | Construir | House |
| 16:25 | Crear | Archer |
| 16:27 | Construir | Pasture |
| 16:33 | Crear | Villager (Male) |
| 16:49 | Crear | Archer |
| 16:54 | Crear | Villager (Male) |
| 17:17 | Crear | Archer |
| 17:20 | Construir | House |
| 17:20 | Construir | House |
| 17:33 | Crear | Archer |
| 17:33 | Crear | Archer |
| 17:49 | Crear | Archer |
| 17:50 | Crear | Villager (Male) |
| 17:50 | Crear | Villager (Male) |
| 17:50 | Crear | Villager (Male) |
| 17:53 | Construir | Pasture |
| 18:25 | Crear | Archer |
| 18:25 | Crear | Archer |
| 18:38 | Construir | Pasture |
| 19:13 | Crear | Archer |
| 19:13 | Crear | Archer |
| 19:24 | Crear | Archer |
| 19:29 | Crear | Villager (Male) |
| 19:37 | Construir | Pasture |
| 19:54 | Crear | Villager (Male) |
| 19:59 | Construir | Pasture |
| 20:21 | Crear | Villager (Male) |
| 20:25 | Construir | Lumber Camp |
| 20:42 | Construir | House |
| 20:43 | Construir | House |
| 20:54 | Crear | Villager (Male) |
| 21:03 | Crear | Archer |
| 21:13 | Investigar | Castle Age |
| 21:42 | Crear | Archer |
| 21:42 | Crear | Archer |
| 21:47 | Construir | House |
| 22:04 | Construir | Pasture |
| 22:09 | Investigar | Gold Mining |
| 22:09 | Investigar | Tech 1014 |
| 22:09 | Investigar | Tech 1014 |
| 22:09 | Investigar | Tech 1014 |
| 22:16 | Construir | House |
| 22:23 | Construir | Pasture |
| 22:26 | Crear | Archer |
| 22:54 | Construir | House |
| 23:00 | Construir | Archery Range |
| 23:01 | Crear | Archer |
| 23:01 | Crear | Archer |
| 23:17 | Crear | Archer |
| 23:19 | Crear | Archer |
| 23:19 | Crear | Archer |
| 23:27 | Construir | Lumber Camp |
| 23:39 | Crear | Archer |
| 23:39 | Crear | Archer |
| 23:59 | Edad | Edad de los Castillos |
| 24:03 | Construir | Siege Workshop |
Build order — Dunha
Primeras 150 de 750 acciones detectadas
| 0:02 | Construir | House |
| 0:04 | Construir | House |
| 0:04 | Crear | Villager (Male) |
| 0:13 | Crear | Villager (Male) |
| 0:13 | Crear | Villager (Male) |
| 0:13 | Crear | Villager (Male) |
| 1:28 | Crear | Villager (Male) |
| 1:28 | Crear | Villager (Male) |
| 1:55 | Construir | Lumber Camp |
| 2:03 | Crear | Villager (Male) |
| 2:03 | Crear | Villager (Male) |
| 2:20 | Crear | Villager (Male) |
| 2:21 | Crear | Villager (Male) |
| 2:52 | Crear | Villager (Male) |
| 2:52 | Crear | Villager (Male) |
| 3:11 | Crear | Villager (Male) |
| 3:11 | Crear | Villager (Male) |
| 3:46 | Crear | Villager (Male) |
| 3:46 | Crear | Villager (Male) |
| 3:55 | Construir | House |
| 3:57 | Construir | House |
| 4:09 | Crear | Villager (Male) |
| 4:10 | Crear | Villager (Male) |
| 4:25 | Construir | Mill |
| 4:41 | Crear | Villager (Male) |
| 4:42 | Crear | Villager (Male) |
| 4:42 | Crear | Villager (Male) |
| 5:04 | Crear | Villager (Male) |
| 5:05 | Crear | Villager (Male) |
| 5:30 | Crear | Villager (Male) |
| 5:31 | Crear | Villager (Male) |
| 5:46 | Crear | Villager (Male) |
| 5:47 | Crear | Villager (Male) |
| 6:23 | Crear | Villager (Male) |
| 6:31 | Construir | Mining Camp |
| 6:53 | Crear | Villager (Male) |
| 7:37 | Crear | Villager (Male) |
| 8:16 | Investigar | Feudal Age |
| 8:16 | Investigar | Feudal Age |
| 9:52 | Construir | House |
| 10:18 | Construir | Mill |
| 10:23 | Crear | Villager (Male) |
| 10:26 | Edad | Edad Feudal |
| 10:29 | Crear | Villager (Male) |
| 10:31 | Construir | Market |
| 10:36 | Construir | Blacksmith |
| 11:19 | Crear | Villager (Male) |
| 12:09 | Investigar | Castle Age |
| 12:10 | Investigar | Castle Age |
| 12:10 | Investigar | Castle Age |
| 13:04 | Investigar | Double-Bit Axe |
| 13:21 | Construir | Farm |
| 13:22 | Construir | Farm |
| 13:54 | Construir | Farm |
| 13:56 | Construir | Farm |
| 13:57 | Crear | Villager (Male) |
| 14:12 | Investigar | Horse Collar |
| 14:48 | Crear | Villager (Male) |
| 14:49 | Edad | Edad de los Castillos |
| 14:57 | Construir | Town Center |
| 15:00 | Crear | Villager (Male) |
| 15:17 | Crear | Villager (Male) |
| 15:22 | Construir | Barracks |
| 15:36 | Investigar | Gold Mining |
| 15:41 | Crear | Villager (Male) |
| 16:26 | Crear | Villager (Male) |
| 16:31 | Construir | Stable |
| 16:40 | Construir | House |
| 16:44 | Construir | Farm |
| 16:49 | Crear | Villager (Male) |
| 16:57 | Investigar | Wheelbarrow |
| 17:14 | Crear | Villager (Male) |
| 17:29 | Construir | House |
| 17:41 | Crear | Villager (Male) |
| 17:43 | Construir | Farm |
| 17:50 | Crear | Villager (Male) |
| 17:58 | Construir | Farm |
| 18:08 | Crear | Villager (Male) |
| 18:20 | Crear | Villager (Male) |
| 18:24 | Crear | Knight |
| 18:28 | Crear | Villager (Male) |
| 18:31 | Construir | Farm |
| 18:34 | Construir | Farm |
| 18:50 | Construir | House |
| 18:51 | Crear | Villager (Male) |
| 18:59 | Construir | Mill |
| 19:01 | Crear | Villager (Male) |
| 19:03 | Construir | Farm |
| 19:06 | Crear | Knight |
| 19:14 | Crear | Villager (Male) |
| 19:19 | Construir | Farm |
| 19:29 | Crear | Knight |
| 19:31 | Crear | Villager (Male) |
| 19:41 | Construir | Farm |
| 19:44 | Construir | Farm |
| 19:48 | Crear | Villager (Male) |
| 19:52 | Construir | House |
| 20:03 | Crear | Villager (Male) |
| 20:07 | Crear | Villager (Male) |
| 20:12 | Construir | Farm |
| 20:14 | Crear | Villager (Male) |
| 20:17 | Crear | Knight |
| 20:21 | Crear | Villager (Male) |
| 20:32 | Construir | House |
| 20:40 | Crear | Villager (Male) |
| 20:42 | Construir | Farm |
| 20:47 | Crear | Villager (Male) |
| 20:52 | Construir | Farm |
| 20:55 | Crear | Knight |
| 20:57 | Construir | House |
| 21:02 | Crear | Villager (Male) |
| 21:15 | Crear | Villager (Male) |
| 21:17 | Crear | Villager (Male) |
| 21:21 | Construir | Farm |
| 21:31 | Crear | Villager (Male) |
| 21:37 | Crear | Villager (Male) |
| 21:51 | Construir | Farm |
| 21:59 | Crear | Knight |
| 22:01 | Crear | Villager (Male) |
| 22:08 | Construir | Stable |
| 22:11 | Crear | Villager (Male) |
| 22:22 | Crear | Knight |
| 22:32 | Investigar | Scale Barding Armor |
| 22:36 | Investigar | Husbandry |
| 22:41 | Crear | Knight |
| 22:47 | Crear | Villager (Male) |
| 22:50 | Construir | House |
| 22:53 | Construir | House |
| 22:57 | Crear | Knight |
| 22:58 | Crear | Villager (Male) |
| 23:16 | Construir | House |
| 23:17 | Construir | House |
| 23:22 | Crear | Knight |
| 23:41 | Crear | Knight |
| 23:42 | Crear | Villager (Male) |
| 23:44 | Crear | Villager (Male) |
| 23:46 | Construir | Farm |
| 23:47 | Construir | Farm |
| 24:02 | Crear | Knight |
| 24:04 | Crear | Villager (Male) |
| 24:11 | Construir | House |
| 24:17 | Crear | Knight |
| 24:18 | Crear | Villager (Male) |
| 24:22 | Investigar | Bloodlines |
| 24:23 | Investigar | Bloodlines |
| 24:26 | Crear | Knight |
| 24:28 | Crear | Villager (Male) |
| 24:32 | Crear | Villager (Male) |
| 24:42 | Construir | Town Center |
| 24:54 | Crear | Knight |
Build order — 卡卡罗特
Primeras 150 de 841 acciones detectadas
| 0:04 | Crear | Villager (Male) |
| 0:04 | Crear | Villager (Male) |
| 0:05 | Construir | House |
| 0:06 | Construir | House |
| 0:13 | Crear | Villager (Male) |
| 0:14 | Crear | Villager (Male) |
| 0:14 | Crear | Villager (Male) |
| 0:14 | Crear | Villager (Male) |
| 1:26 | Crear | Villager (Male) |
| 1:46 | Construir | Lumber Camp |
| 2:07 | Crear | Villager (Male) |
| 2:22 | Crear | Villager (Male) |
| 2:41 | Crear | Villager (Male) |
| 2:41 | Crear | Villager (Male) |
| 3:05 | Crear | Villager (Male) |
| 3:05 | Crear | Villager (Male) |
| 3:47 | Crear | Villager (Male) |
| 3:51 | Construir | House |
| 4:21 | Construir | House |
| 4:26 | Crear | Villager (Male) |
| 4:26 | Crear | Villager (Male) |
| 4:39 | Construir | Mill |
| 4:54 | Crear | Villager (Male) |
| 4:55 | Crear | Villager (Male) |
| 5:14 | Crear | Villager (Male) |
| 5:45 | Crear | Villager (Male) |
| 6:24 | Crear | Villager (Male) |
| 6:53 | Crear | Villager (Male) |
| 7:12 | Construir | Mining Camp |
| 7:14 | Crear | Villager (Male) |
| 7:21 | Construir | Mill |
| 7:47 | Investigar | Feudal Age |
| 7:47 | Investigar | Feudal Age |
| 7:47 | Investigar | Feudal Age |
| 8:25 | Crear | Villager (Male) |
| 8:25 | Crear | Villager (Male) |
| 9:50 | Edad | Edad Feudal |
| 9:54 | Construir | Blacksmith |
| 9:56 | Construir | Market |
| 10:32 | Investigar | Loom |
| 10:56 | Investigar | Castle Age |
| 10:56 | Investigar | Castle Age |
| 11:18 | Construir | House |
| 11:35 | Investigar | Double-Bit Axe |
| 11:51 | Construir | Barracks |
| 12:34 | Investigar | Gold Mining |
| 12:37 | Investigar | Horse Collar |
| 13:02 | Construir | Stable |
| 13:15 | Crear | Villager (Male) |
| 13:24 | Edad | Edad de los Castillos |
| 13:26 | Crear | Villager (Male) |
| 13:37 | Construir | Farm |
| 13:38 | Construir | Farm |
| 13:42 | Construir | Farm |
| 13:44 | Crear | Villager (Male) |
| 13:51 | Construir | Farm |
| 14:03 | Construir | House |
| 14:05 | Crear | Knight |
| 14:08 | Crear | Knight |
| 14:16 | Construir | Farm |
| 14:25 | Crear | Villager (Male) |
| 14:34 | Construir | House |
| 14:45 | Construir | Farm |
| 14:47 | Crear | Villager (Male) |
| 14:51 | Construir | Farm |
| 15:11 | Crear | Villager (Male) |
| 15:14 | Construir | Farm |
| 15:26 | Construir | House |
| 15:30 | Construir | Farm |
| 15:32 | Crear | Villager (Male) |
| 15:45 | Construir | Farm |
| 15:49 | Construir | Farm |
| 15:54 | Crear | Knight |
| 15:54 | Crear | Knight |
| 16:13 | Crear | Villager (Male) |
| 16:19 | Construir | Stable |
| 16:25 | Construir | Farm |
| 16:33 | Crear | Villager (Male) |
| 16:53 | Construir | Farm |
| 16:54 | Crear | Villager (Male) |
| 16:59 | Construir | Farm |
| 17:06 | Construir | Farm |
| 17:08 | Crear | Knight |
| 17:18 | Construir | House |
| 17:19 | Crear | Knight |
| 17:19 | Crear | Knight |
| 17:41 | Crear | Villager (Male) |
| 17:42 | Crear | Knight |
| 17:57 | Crear | Villager (Male) |
| 18:00 | Construir | Farm |
| 18:01 | Construir | Farm |
| 18:02 | Construir | Farm |
| 18:04 | Construir | Farm |
| 18:06 | Construir | Farm |
| 18:09 | Crear | Villager (Male) |
| 18:10 | Crear | Knight |
| 18:30 | Crear | Knight |
| 18:33 | Crear | Villager (Male) |
| 18:36 | Construir | Farm |
| 18:37 | Construir | Farm |
| 18:43 | Crear | Knight |
| 18:44 | Crear | Knight |
| 18:56 | Crear | Scout Cavalry |
| 19:07 | Crear | Villager (Male) |
| 19:24 | Crear | Knight |
| 19:27 | Construir | Farm |
| 19:27 | Construir | Farm |
| 19:33 | Crear | Villager (Male) |
| 19:35 | Investigar | Scale Barding Armor |
| 19:41 | Construir | House |
| 19:54 | Crear | Villager (Male) |
| 19:58 | Construir | Farm |
| 20:00 | Construir | Farm |
| 20:08 | Crear | Villager (Male) |
| 20:23 | Construir | House |
| 20:25 | Crear | Villager (Male) |
| 20:26 | Crear | Knight |
| 20:26 | Crear | Knight |
| 20:43 | Investigar | Gold Mining |
| 20:43 | Investigar | Gold Mining |
| 20:44 | Investigar | Gold Mining |
| 20:44 | Investigar | Gold Mining |
| 20:45 | Crear | Villager (Male) |
| 20:46 | Crear | Knight |
| 20:46 | Crear | Knight |
| 20:56 | Construir | House |
| 21:04 | Crear | Villager (Male) |
| 21:10 | Crear | Knight |
| 21:10 | Crear | Knight |
| 21:11 | Crear | Knight |
| 21:25 | Crear | Villager (Male) |
| 21:30 | Construir | Lumber Camp |
| 21:34 | Crear | Knight |
| 21:47 | Crear | Knight |
| 21:47 | Crear | Knight |
| 21:47 | Crear | Knight |
| 21:50 | Crear | Villager (Male) |
| 22:14 | Investigar | Bloodlines |
| 22:14 | Investigar | Bloodlines |
| 22:15 | Crear | Villager (Male) |
| 22:18 | Crear | Villager (Male) |
| 22:46 | Construir | Town Center |
| 22:55 | Crear | Villager (Male) |
| 23:07 | Construir | Farm |
| 23:08 | Construir | Farm |
| 23:34 | Crear | Knight |
| 23:34 | Crear | Knight |
| 23:35 | Crear | Villager (Male) |
| 23:36 | Crear | Villager (Male) |
| 23:46 | Crear | Knight |
Build order — 只会种田
Primeras 150 de 794 acciones detectadas
| 0:04 | Crear | Villager (Male) |
| 0:04 | Crear | Villager (Male) |
| 0:04 | Crear | Villager (Male) |
| 0:04 | Crear | Villager (Male) |
| 0:05 | Construir | House |
| 0:06 | Construir | House |
| 1:17 | Crear | Villager (Male) |
| 1:18 | Crear | Villager (Male) |
| 1:34 | Crear | Villager (Male) |
| 1:35 | Crear | Villager (Male) |
| 2:05 | Crear | Villager (Male) |
| 2:05 | Crear | Villager (Male) |
| 2:06 | Construir | Lumber Camp |
| 2:24 | Crear | Villager (Male) |
| 2:54 | Crear | Villager (Male) |
| 2:55 | Crear | Villager (Male) |
| 3:06 | Construir | House |
| 3:09 | Construir | House |
| 3:14 | Crear | Villager (Male) |
| 3:14 | Crear | Villager (Male) |
| 3:42 | Crear | Villager (Male) |
| 3:43 | Crear | Villager (Male) |
| 4:38 | Construir | Mill |
| 4:42 | Crear | Villager (Male) |
| 4:48 | Crear | Villager (Male) |
| 4:48 | Crear | Villager (Male) |
| 4:48 | Crear | Villager (Male) |
| 5:47 | Crear | Villager (Male) |
| 6:25 | Investigar | Loom |
| 6:42 | Construir | Mill |
| 6:58 | Investigar | Feudal Age |
| 7:02 | Construir | House |
| 7:04 | Construir | House |
| 7:08 | Construir | Palisade Wall |
| 8:09 | Construir | House |
| 8:40 | Construir | House |
| 8:45 | Construir | Palisade Wall |
| 9:08 | Edad | Edad Feudal |
| 9:12 | Construir | Barracks |
| 9:20 | Crear | Villager (Male) |
| 9:20 | Crear | Villager (Male) |
| 9:33 | Construir | Palisade Gate |
| 9:36 | Construir | Palisade Wall |
| 9:37 | Construir | Palisade Wall |
| 9:49 | Crear | Villager (Male) |
| 10:10 | Construir | Stable |
| 10:22 | Crear | Villager (Male) |
| 10:36 | Crear | Villager (Male) |
| 10:38 | Construir | Farm |
| 10:47 | Investigar | Double-Bit Axe |
| 11:10 | Crear | Spearman |
| 11:14 | Construir | House |
| 11:18 | Crear | Scout Cavalry |
| 11:27 | Crear | Villager (Male) |
| 11:28 | Construir | Farm |
| 11:56 | Construir | House |
| 12:15 | Crear | Villager (Male) |
| 12:18 | Construir | Mining Camp |
| 12:25 | Construir | House |
| 12:32 | Construir | House |
| 12:35 | Construir | Palisade Wall |
| 12:42 | Crear | Villager (Male) |
| 12:50 | Construir | Watch Tower |
| 13:04 | Crear | Scout Cavalry |
| 13:09 | Crear | Villager (Male) |
| 13:11 | Construir | Farm |
| 13:42 | Investigar | Wheelbarrow |
| 13:53 | Construir | House |
| 14:02 | Construir | Market |
| 14:10 | Crear | Villager (Male) |
| 14:21 | Construir | House |
| 14:46 | Construir | Palisade Gate |
| 14:50 | Construir | Stone Wall |
| 15:04 | Construir | Watch Tower |
| 15:14 | Crear | Villager (Male) |
| 15:37 | Crear | Villager (Male) |
| 15:39 | Construir | Farm |
| 15:40 | Construir | Farm |
| 15:41 | Construir | Farm |
| 16:23 | Crear | Villager (Male) |
| 16:37 | Crear | Villager (Male) |
| 16:52 | Construir | Stone Wall |
| 17:00 | Crear | Villager (Male) |
| 17:45 | Construir | House |
| 17:48 | Construir | House |
| 17:57 | Crear | Villager (Male) |
| 18:15 | Construir | House |
| 18:49 | Crear | Villager (Male) |
| 19:25 | Construir | Farm |
| 19:54 | Investigar | Castle Age |
| 20:38 | Construir | Mining Camp |
| 20:44 | Construir | Mining Camp |
| 21:24 | Construir | Gate |
| 21:36 | Crear | Villager (Male) |
| 21:38 | Construir | Lumber Camp |
| 21:59 | Construir | Gate |
| 22:28 | Investigar | Stone Mining |
| 22:33 | Construir | House |
| 22:34 | Edad | Edad de los Castillos |
| 22:43 | Crear | Villager (Male) |
| 22:43 | Crear | Villager (Male) |
| 22:50 | Construir | Town Center |
| 23:10 | Crear | Villager (Male) |
| 23:34 | Crear | Villager (Male) |
| 24:29 | Construir | Castle |
| 24:38 | Crear | Villager (Male) |
| 24:47 | Crear | Villager (Male) |
| 25:11 | Construir | Lumber Camp |
| 25:21 | Crear | Ghulam |
| 25:21 | Crear | Ghulam |
| 25:22 | Crear | Ghulam |
| 25:43 | Crear | Villager (Male) |
| 25:45 | Crear | Ghulam |
| 26:01 | Construir | Farm |
| 26:02 | Construir | Farm |
| 26:03 | Construir | Farm |
| 26:16 | Crear | Villager (Male) |
| 26:27 | Crear | Villager (Male) |
| 26:37 | Construir | Farm |
| 26:38 | Construir | Farm |
| 27:11 | Construir | Farm |
| 27:14 | Construir | Farm |
| 27:27 | Crear | Villager (Male) |
| 27:28 | Crear | Ghulam |
| 27:28 | Crear | Ghulam |
| 27:30 | Construir | Farm |
| 27:35 | Construir | Farm |
| 27:35 | Construir | Farm |
| 27:38 | Construir | Farm |
| 27:48 | Crear | Ghulam |
| 27:48 | Crear | Ghulam |
| 27:56 | Crear | Villager (Male) |
| 27:56 | Crear | Villager (Male) |
| 28:08 | Construir | Farm |
| 28:08 | Construir | Farm |
| 28:12 | Crear | Ghulam |
| 28:27 | Crear | Villager (Male) |
| 28:27 | Crear | Villager (Male) |
| 28:29 | Construir | Farm |
| 28:36 | Crear | Villager (Male) |
| 28:40 | Construir | Farm |
| 28:41 | Construir | Farm |
| 28:55 | Crear | Ghulam |
| 29:01 | Construir | Blacksmith |
| 29:39 | Construir | Blacksmith |
| 29:43 | Construir | House |
| 29:47 | Crear | Ghulam |
| 29:47 | Crear | Ghulam |
| 29:47 | Crear | Ghulam |
| 29:48 | Crear | Ghulam |
Build order — raw0000
Primeras 150 de 1128 acciones detectadas
| 0:01 | Crear | Villager (Male) |
| 0:01 | Crear | Villager (Male) |
| 0:02 | Crear | Villager (Male) |
| 0:02 | Crear | Villager (Male) |
| 0:02 | Crear | Villager (Male) |
| 0:03 | Construir | House |
| 0:05 | Construir | House |
| 1:29 | Crear | Villager (Male) |
| 1:29 | Crear | Villager (Male) |
| 1:54 | Crear | Villager (Male) |
| 1:54 | Crear | Villager (Male) |
| 1:55 | Crear | Villager (Male) |
| 2:21 | Construir | Lumber Camp |
| 2:29 | Crear | Villager (Male) |
| 2:29 | Crear | Villager (Male) |
| 2:41 | Crear | Villager (Male) |
| 2:42 | Crear | Villager (Male) |
| 3:05 | Crear | Villager (Male) |
| 3:05 | Crear | Villager (Male) |
| 3:30 | Crear | Villager (Male) |
| 3:30 | Crear | Villager (Male) |
| 3:54 | Construir | House |
| 3:58 | Construir | House |
| 4:10 | Crear | Villager (Male) |
| 4:10 | Crear | Villager (Male) |
| 4:18 | Construir | Mill |
| 4:29 | Construir | Palisade Wall |
| 4:29 | Construir | Palisade Wall |
| 4:35 | Crear | Villager (Male) |
| 4:35 | Crear | Villager (Male) |
| 4:49 | Crear | Villager (Male) |
| 4:49 | Crear | Villager (Male) |
| 4:49 | Crear | Villager (Male) |
| 5:02 | Construir | Palisade Wall |
| 5:07 | Construir | Palisade Wall |
| 5:08 | Construir | Palisade Wall |
| 5:20 | Crear | Villager (Male) |
| 5:21 | Crear | Villager (Male) |
| 5:36 | Crear | Villager (Male) |
| 5:47 | Construir | Mill |
| 5:55 | Crear | Villager (Male) |
| 6:27 | Investigar | Loom |
| 6:48 | Crear | Villager (Male) |
| 6:48 | Crear | Villager (Male) |
| 7:48 | Construir | Palisade Wall |
| 7:59 | Investigar | Feudal Age |
| 8:31 | Crear | Villager (Male) |
| 8:54 | Construir | Mining Camp |
| 9:14 | Construir | House |
| 9:18 | Construir | House |
| 9:20 | Construir | House |
| 10:09 | Edad | Edad Feudal |
| 10:16 | Construir | Stone Wall |
| 10:25 | Construir | Stone Wall |
| 10:29 | Crear | Villager (Male) |
| 10:34 | Investigar | Double-Bit Axe |
| 10:37 | Investigar | Horse Collar |
| 10:51 | Crear | Villager (Male) |
| 11:06 | Crear | Villager (Male) |
| 11:30 | Crear | Villager (Male) |
| 11:53 | Construir | Gate |
| 12:09 | Construir | Farm |
| 12:09 | Construir | Farm |
| 12:10 | Construir | Farm |
| 12:13 | Crear | Villager (Male) |
| 12:17 | Construir | Farm |
| 12:17 | Construir | Farm |
| 12:18 | Construir | Farm |
| 12:18 | Construir | Farm |
| 12:18 | Construir | Farm |
| 12:18 | Construir | Farm |
| 12:19 | Construir | Farm |
| 12:19 | Construir | Farm |
| 12:33 | Construir | Farm |
| 12:33 | Construir | Farm |
| 12:33 | Construir | Farm |
| 12:34 | Construir | Farm |
| 12:34 | Construir | Farm |
| 12:34 | Construir | Farm |
| 12:35 | Construir | Farm |
| 12:35 | Construir | Farm |
| 12:35 | Construir | Farm |
| 12:35 | Construir | Farm |
| 12:36 | Construir | Farm |
| 12:36 | Construir | Farm |
| 12:37 | Crear | Villager (Male) |
| 12:38 | Crear | Villager (Male) |
| 12:50 | Construir | Farm |
| 12:51 | Construir | Farm |
| 13:08 | Construir | Outpost |
| 13:31 | Crear | Villager (Male) |
| 13:31 | Crear | Villager (Male) |
| 13:39 | Construir | Mining Camp |
| 13:49 | Construir | Farm |
| 13:50 | Construir | Farm |
| 13:52 | Construir | Farm |
| 14:12 | Crear | Villager (Male) |
| 14:17 | Construir | Farm |
| 14:20 | Construir | Farm |
| 14:25 | Crear | Villager (Male) |
| 14:50 | Crear | Villager (Male) |
| 14:58 | Construir | Blacksmith |
| 15:16 | Crear | Villager (Male) |
| 15:34 | Construir | Market |
| 15:39 | Crear | Villager (Male) |
| 15:56 | Construir | Farm |
| 16:03 | Crear | Villager (Male) |
| 16:11 | Construir | House |
| 16:19 | Crear | Villager (Male) |
| 17:00 | Investigar | Castle Age |
| 17:18 | Investigar | Forging |
| 17:18 | Investigar | Forging |
| 17:34 | Construir | Barracks |
| 17:40 | Construir | Barracks |
| 17:57 | Construir | Mining Camp |
| 18:10 | Investigar | Scale Mail Armor |
| 18:27 | Investigar | Town Watch |
| 18:31 | Crear | Militia |
| 18:31 | Crear | Militia |
| 18:33 | Crear | Militia |
| 18:34 | Crear | Militia |
| 18:56 | Crear | Militia |
| 18:57 | Crear | Militia |
| 19:07 | Construir | House |
| 19:08 | Construir | House |
| 19:09 | Construir | House |
| 19:18 | Crear | Militia |
| 19:28 | Construir | Farm |
| 19:29 | Construir | Farm |
| 19:34 | Crear | Militia |
| 19:56 | Edad | Edad de los Castillos |
| 19:57 | Investigar | Iron Casting |
| 19:57 | Investigar | Iron Casting |
| 20:13 | Construir | Siege Workshop |
| 20:18 | Investigar | Gambesons |
| 20:18 | Investigar | Squires |
| 20:39 | Investigar | Chain Mail Armor |
| 20:40 | Investigar | Chain Mail Armor |
| 20:43 | Construir | House |
| 20:44 | Construir | House |
| 20:45 | Construir | House |
| 20:46 | Crear | Militia |
| 20:46 | Crear | Militia |
| 20:49 | Crear | Battering Ram |
| 21:03 | Crear | Battering Ram |
| 21:04 | Crear | Battering Ram |
| 21:12 | Crear | Militia |
| 21:12 | Crear | Militia |
| 21:13 | Crear | Militia |
| 21:25 | Crear | Militia |
Build order — 前三十分钟没有我
Primeras 150 de 663 acciones detectadas
| 0:04 | Construir | House |
| 0:05 | Crear | Villager (Male) |
| 0:05 | Crear | Villager (Male) |
| 0:05 | Crear | Villager (Male) |
| 0:05 | Crear | Villager (Male) |
| 0:05 | Crear | Villager (Male) |
| 0:07 | Construir | House |
| 0:14 | Construir | House |
| 1:39 | Crear | Villager (Male) |
| 1:39 | Crear | Villager (Male) |
| 1:40 | Crear | Villager (Male) |
| 2:12 | Crear | Villager (Male) |
| 2:12 | Crear | Villager (Male) |
| 2:15 | Construir | Lumber Camp |
| 2:16 | Crear | Villager (Male) |
| 2:16 | Crear | Villager (Male) |
| 3:02 | Crear | Villager (Male) |
| 3:02 | Crear | Villager (Male) |
| 3:03 | Crear | Villager (Male) |
| 3:31 | Crear | Villager (Male) |
| 3:31 | Crear | Villager (Male) |
| 4:15 | Crear | Villager (Male) |
| 4:15 | Crear | Villager (Male) |
| 4:18 | Crear | Villager (Male) |
| 4:18 | Crear | Villager (Male) |
| 4:32 | Construir | Mill |
| 5:18 | Crear | Villager (Male) |
| 5:24 | Crear | Villager (Male) |
| 5:34 | Crear | Villager (Male) |
| 6:55 | Construir | Mill |
| 6:56 | Crear | Villager (Male) |
| 6:57 | Crear | Villager (Male) |
| 7:03 | Crear | Villager (Male) |
| 7:34 | Crear | Villager (Male) |
| 7:34 | Crear | Villager (Male) |
| 8:21 | Crear | Villager (Male) |
| 8:30 | Investigar | Feudal Age |
| 8:30 | Investigar | Feudal Age |
| 8:31 | Investigar | Feudal Age |
| 8:49 | Construir | Barracks |
| 9:41 | Crear | Villager (Male) |
| 9:42 | Crear | Villager (Male) |
| 9:46 | Investigar | Loom |
| 9:54 | Construir | Mining Camp |
| 10:20 | Crear | Villager (Male) |
| 10:26 | Crear | Villager (Male) |
| 10:40 | Edad | Edad Feudal |
| 10:42 | Construir | Stable |
| 10:48 | Construir | Blacksmith |
| 10:55 | Investigar | Horse Collar |
| 10:55 | Investigar | Horse Collar |
| 10:58 | Construir | Farm |
| 11:08 | Crear | Villager (Male) |
| 11:26 | Construir | Farm |
| 11:47 | Crear | Scout Cavalry |
| 11:48 | Crear | Scout Cavalry |
| 11:48 | Crear | Scout Cavalry |
| 11:48 | Crear | Scout Cavalry |
| 11:56 | Crear | Villager (Male) |
| 12:00 | Investigar | Double-Bit Axe |
| 12:00 | Investigar | Double-Bit Axe |
| 12:10 | Construir | Farm |
| 12:25 | Crear | Villager (Male) |
| 12:33 | Construir | Farm |
| 12:35 | Crear | Villager (Male) |
| 12:56 | Construir | Farm |
| 13:10 | Crear | Villager (Male) |
| 13:26 | Construir | Farm |
| 13:26 | Construir | Farm |
| 13:45 | Construir | House |
| 13:46 | Construir | House |
| 13:47 | Construir | House |
| 13:52 | Investigar | Wheelbarrow |
| 14:03 | Construir | Farm |
| 15:13 | Construir | Mining Camp |
| 15:21 | Investigar | Castle Age |
| 15:21 | Investigar | Castle Age |
| 16:08 | Investigar | Scale Barding Armor |
| 16:23 | Construir | Farm |
| 16:52 | Construir | Market |
| 16:56 | Construir | House |
| 16:58 | Construir | House |
| 17:08 | Investigar | Gold Mining |
| 17:08 | Investigar | Stone Mining |
| 18:01 | Edad | Edad de los Castillos |
| 18:06 | Construir | Castle |
| 18:08 | Crear | Villager (Male) |
| 18:11 | Investigar | Bow Saw |
| 18:11 | Investigar | Bow Saw |
| 18:12 | Investigar | Heavy Plow |
| 18:12 | Investigar | Heavy Plow |
| 18:12 | Investigar | Heavy Plow |
| 18:19 | Crear | Villager (Male) |
| 18:30 | Construir | Town Center |
| 18:54 | Construir | Farm |
| 18:57 | Construir | Farm |
| 19:09 | Crear | Villager (Male) |
| 19:10 | Crear | Villager (Male) |
| 19:19 | Crear | Villager (Male) |
| 19:39 | Crear | Villager (Male) |
| 19:40 | Crear | Villager (Male) |
| 19:43 | Construir | Farm |
| 19:44 | Crear | Villager (Male) |
| 19:50 | Construir | Farm |
| 19:54 | Construir | Farm |
| 19:57 | Construir | Farm |
| 20:02 | Crear | Villager (Male) |
| 20:06 | Crear | Villager (Male) |
| 20:12 | Crear | Villager (Male) |
| 20:17 | Investigar | Szlachta Privileges |
| 20:17 | Investigar | Szlachta Privileges |
| 20:34 | Crear | Villager (Male) |
| 20:34 | Crear | Villager (Male) |
| 20:35 | Crear | Villager (Male) |
| 20:50 | Crear | Villager (Male) |
| 21:01 | Construir | Town Center |
| 21:06 | Crear | Villager (Male) |
| 21:20 | Crear | Villager (Male) |
| 21:31 | Crear | Villager (Male) |
| 21:41 | Investigar | Bloodlines |
| 21:41 | Investigar | Husbandry |
| 21:41 | Investigar | Husbandry |
| 21:57 | Construir | Mill |
| 21:58 | Construir | Farm |
| 21:58 | Construir | Farm |
| 21:59 | Construir | Farm |
| 21:59 | Construir | Farm |
| 22:00 | Crear | Villager (Male) |
| 22:02 | Crear | Villager (Male) |
| 22:02 | Crear | Villager (Male) |
| 22:16 | Crear | Villager (Male) |
| 22:45 | Construir | Town Center |
| 22:47 | Crear | Villager (Male) |
| 22:48 | Crear | Villager (Male) |
| 22:51 | Construir | Farm |
| 22:51 | Construir | Farm |
| 22:51 | Construir | Farm |
| 22:51 | Construir | Farm |
| 22:52 | Construir | Farm |
| 22:52 | Construir | Farm |
| 22:52 | Construir | Farm |
| 22:53 | Crear | Villager (Male) |
| 22:57 | Construir | Farm |
| 23:01 | Crear | Villager (Male) |
| 23:02 | Crear | Villager (Male) |
| 23:02 | Crear | Villager (Male) |
| 23:02 | Crear | Villager (Male) |
| 23:13 | Crear | Villager (Male) |
| 23:16 | Construir | Farm |
| 23:22 | Construir | Farm |
Build order — JENIX
Primeras 150 de 614 acciones detectadas
| 0:01 | Crear | Villager (Male) ×4 |
| 0:01 | Crear | Villager (Male) ×4 |
| 0:02 | Crear | Villager (Male) ×4 |
| 0:02 | Construir | House |
| 0:04 | Construir | House |
| 1:27 | Crear | Villager (Male) |
| 1:27 | Crear | Villager (Male) |
| 1:27 | Crear | Villager (Male) |
| 1:56 | Crear | Villager (Male) |
| 1:56 | Crear | Villager (Male) |
| 2:21 | Crear | Villager (Male) |
| 2:21 | Crear | Villager (Male) |
| 2:21 | Crear | Villager (Male) |
| 2:43 | Crear | Villager (Male) |
| 2:43 | Crear | Villager (Male) |
| 2:49 | Crear | Villager (Male) |
| 3:06 | Construir | House |
| 4:08 | Crear | Villager (Male) |
| 4:08 | Crear | Villager (Male) |
| 4:12 | Crear | Villager (Male) |
| 5:00 | Crear | Villager (Male) |
| 5:46 | Investigar | Feudal Age |
| 5:46 | Investigar | Feudal Age |
| 5:53 | Construir | Lumber Camp |
| 6:16 | Construir | House |
| 6:39 | Crear | Villager (Male) |
| 6:39 | Crear | Villager (Male) |
| 7:58 | Edad | Edad Feudal |
| 8:00 | Construir | Stable |
| 8:16 | Construir | House |
| 8:26 | Investigar | Double-Bit Axe |
| 8:33 | Crear | Villager (Male) |
| 8:46 | Crear | Scout Cavalry |
| 8:46 | Crear | Scout Cavalry |
| 8:55 | Construir | Farm |
| 9:10 | Crear | Villager (Male) |
| 9:20 | Crear | Scout Cavalry |
| 9:21 | Crear | Scout Cavalry |
| 9:26 | Construir | Mill |
| 9:46 | Investigar | Loom |
| 10:22 | Crear | Scout Cavalry |
| 10:22 | Crear | Scout Cavalry |
| 10:22 | Crear | Scout Cavalry |
| 10:28 | Crear | Villager (Male) |
| 10:36 | Construir | Farm |
| 10:37 | Construir | Farm |
| 10:38 | Construir | Farm |
| 11:06 | Crear | Villager (Male) |
| 11:13 | Investigar | Horse Collar |
| 11:30 | Crear | Villager (Male) |
| 11:30 | Crear | Villager (Male) |
| 11:35 | Construir | Farm |
| 11:47 | Construir | House |
| 11:50 | Construir | House |
| 11:54 | Construir | Blacksmith |
| 11:55 | Construir | House |
| 12:07 | Crear | Villager (Male) |
| 12:08 | Crear | Villager (Male) |
| 12:12 | Construir | Farm |
| 12:39 | Construir | Farm |
| 12:40 | Crear | Villager (Male) |
| 12:58 | Construir | Mining Camp |
| 13:13 | Crear | Villager (Male) |
| 13:15 | Crear | Villager (Male) |
| 13:36 | Crear | Villager (Male) |
| 13:39 | Construir | Farm |
| 14:14 | Construir | House |
| 14:15 | Construir | House |
| 14:20 | Construir | Palisade Gate |
| 14:23 | Construir | Palisade Wall |
| 14:24 | Construir | Palisade Wall |
| 14:26 | Construir | Palisade Wall |
| 14:33 | Crear | Villager (Male) |
| 14:40 | Construir | Market |
| 14:43 | Crear | Villager (Male) |
| 15:04 | Construir | Farm |
| 15:05 | Construir | Farm |
| 15:12 | Construir | Farm |
| 15:13 | Crear | Villager (Male) |
| 16:30 | Investigar | Castle Age |
| 16:30 | Investigar | Castle Age |
| 16:30 | Investigar | Castle Age |
| 16:36 | Construir | Stable |
| 17:04 | Construir | Farm |
| 17:11 | Investigar | Scale Barding Armor |
| 17:39 | Crear | Villager (Male) |
| 17:42 | Investigar | Gold Mining |
| 18:06 | Investigar | Bloodlines |
| 18:48 | Investigar | Forging |
| 19:10 | Edad | Edad de los Castillos |
| 19:16 | Crear | Knight |
| 19:16 | Crear | Knight |
| 19:18 | Crear | Villager (Male) |
| 19:25 | Construir | Town Center |
| 19:28 | Investigar | Bow Saw |
| 19:29 | Investigar | Bow Saw |
| 19:39 | Construir | Farm |
| 19:51 | Crear | Knight |
| 19:51 | Crear | Knight |
| 20:00 | Crear | Villager (Male) |
| 20:03 | Construir | Farm |
| 20:21 | Crear | Knight ×2 |
| 20:21 | Crear | Knight ×2 |
| 20:21 | Crear | Knight ×2 |
| 20:31 | Crear | Villager (Male) |
| 20:43 | Construir | Farm |
| 20:46 | Crear | Villager (Male) ×2 |
| 20:46 | Crear | Villager (Male) ×2 |
| 20:46 | Crear | Villager (Male) ×2 |
| 20:58 | Crear | Knight |
| 20:59 | Crear | Knight |
| 20:59 | Crear | Knight |
| 21:03 | Construir | Farm |
| 21:18 | Crear | Villager (Male) ×2 |
| 21:23 | Crear | Villager (Male) |
| 21:50 | Construir | Farm |
| 21:51 | Construir | Farm |
| 21:53 | Construir | Farm |
| 21:56 | Construir | House |
| 21:57 | Construir | House |
| 21:57 | Construir | House |
| 21:57 | Construir | House |
| 22:11 | Investigar | Chain Barding Armor |
| 22:11 | Investigar | Chain Barding Armor |
| 22:11 | Investigar | Chain Barding Armor |
| 22:16 | Investigar | Husbandry |
| 22:16 | Investigar | Husbandry |
| 22:25 | Crear | Villager (Male) |
| 22:25 | Crear | Villager (Male) |
| 22:30 | Construir | Farm |
| 22:32 | Construir | Farm |
| 22:34 | Construir | Farm |
| 22:34 | Crear | Villager (Male) |
| 22:34 | Crear | Villager (Male) |
| 22:43 | Crear | Villager (Male) |
| 22:43 | Crear | Villager (Male) |
| 22:49 | Crear | Villager (Male) |
| 22:49 | Crear | Villager (Male) |
| 22:57 | Crear | Villager (Male) |
| 22:57 | Crear | Villager (Male) |
| 22:58 | Crear | Villager (Male) |
| 23:16 | Crear | Villager (Male) ×2 |
| 23:16 | Crear | Villager (Male) ×2 |
| 23:28 | Construir | Town Center |
| 23:35 | Crear | Knight ×2 |
| 23:35 | Crear | Knight ×2 |
| 23:35 | Crear | Knight ×2 |
| 23:35 | Crear | Knight ×2 |
| 23:45 | Construir | Farm |
| 23:52 | Crear | Villager (Male) ×2 |
Build order — 不路路
Primeras 150 de 638 acciones detectadas
| 0:03 | Investigar | Loom |
| 0:48 | Crear | Villager (Male) |
| 1:15 | Crear | Villager (Male) |
| 1:47 | Crear | Villager (Male) |
| 2:04 | Crear | Villager (Male) |
| 2:31 | Construir | Lumber Camp |
| 2:37 | Crear | Villager (Male) |
| 3:00 | Crear | Villager (Male) |
| 3:27 | Crear | Villager (Male) |
| 3:38 | Construir | House |
| 3:48 | Crear | Villager (Male) |
| 3:58 | Crear | Villager (Male) |
| 4:11 | Crear | Villager (Male) |
| 4:46 | Crear | Villager (Male) |
| 4:51 | Crear | Villager (Male) |
| 5:05 | Crear | Villager (Male) |
| 5:13 | Construir | House |
| 5:16 | Crear | Villager (Male) |
| 5:24 | Construir | Mill |
| 5:29 | Crear | Villager (Male) |
| 7:23 | Construir | Barracks |
| 7:30 | Investigar | Feudal Age |
| 7:50 | Crear | Villager (Male) |
| 8:29 | Construir | Palisade Wall |
| 8:45 | Construir | Palisade Wall |
| 9:13 | Crear | Villager (Male) |
| 9:38 | Construir | Palisade Wall |
| 9:40 | Edad | Edad Feudal |
| 9:47 | Construir | Archery Range |
| 10:05 | Construir | Stone Wall |
| 10:11 | Construir | House |
| 10:14 | Crear | Archer |
| 10:15 | Crear | Archer |
| 10:17 | Crear | Villager (Male) |
| 10:22 | Construir | Mining Camp |
| 10:43 | Construir | Gate |
| 10:57 | Crear | Villager (Male) |
| 10:58 | Crear | Villager (Male) |
| 11:03 | Investigar | Double-Bit Axe |
| 11:25 | Crear | Villager (Male) |
| 11:27 | Construir | House |
| 11:28 | Construir | House |
| 11:43 | Investigar | Horse Collar |
| 11:44 | Construir | Farm |
| 11:53 | Crear | Villager (Male) |
| 11:55 | Construir | Farm |
| 12:12 | Investigar | Wheelbarrow |
| 12:14 | Crear | Villager (Male) |
| 12:29 | Construir | House |
| 12:37 | Construir | Farm |
| 12:53 | Crear | Villager (Male) |
| 13:06 | Construir | Blacksmith |
| 13:38 | Crear | Villager (Male) |
| 13:40 | Construir | Farm |
| 13:40 | Construir | Farm |
| 13:48 | Crear | Villager (Male) |
| 14:04 | Construir | Outpost |
| 14:18 | Construir | Farm |
| 14:21 | Construir | Farm |
| 14:23 | Crear | Villager (Male) |
| 14:30 | Construir | Palisade Wall |
| 14:41 | Construir | Mill |
| 14:42 | Construir | Farm |
| 14:42 | Construir | Farm |
| 14:42 | Construir | Farm |
| 14:50 | Construir | Farm |
| 15:16 | Crear | Villager (Male) |
| 15:18 | Construir | Farm |
| 15:40 | Crear | Villager (Male) |
| 15:50 | Construir | Farm |
| 15:50 | Construir | Farm |
| 15:51 | Construir | Farm |
| 16:00 | Construir | House |
| 16:09 | Crear | Villager (Male) |
| 16:25 | Crear | Villager (Male) |
| 16:34 | Construir | Market |
| 16:49 | Crear | Villager (Male) |
| 16:56 | Construir | Lumber Camp |
| 17:19 | Construir | House |
| 17:39 | Investigar | Castle Age |
| 17:39 | Investigar | Castle Age |
| 17:42 | Crear | Archer |
| 17:42 | Crear | Archer |
| 17:43 | Crear | Archer |
| 17:43 | Crear | Archer |
| 17:44 | Crear | Archer |
| 18:12 | Construir | House |
| 18:31 | Investigar | Fletching |
| 18:31 | Investigar | Fletching |
| 18:36 | Crear | Archer |
| 18:36 | Crear | Archer |
| 18:50 | Construir | House |
| 18:57 | Crear | Villager (Male) |
| 18:59 | Crear | Archer |
| 18:59 | Crear | Archer |
| 19:09 | Investigar | Gold Mining |
| 19:12 | Crear | Archer |
| 20:03 | Construir | Outpost |
| 20:12 | Investigar | Padded Archer Armor |
| 20:19 | Edad | Edad de los Castillos |
| 20:25 | Construir | Siege Workshop |
| 20:31 | Investigar | Crossbowman (upgrade) |
| 20:44 | Construir | Town Center |
| 20:51 | Investigar | Bodkin Arrow |
| 20:59 | Crear | Villager (Male) |
| 21:13 | Crear | Unit 1105 |
| 21:17 | Crear | Villager (Male) |
| 21:23 | Crear | Archer |
| 21:23 | Crear | Archer |
| 21:40 | Crear | Battering Ram |
| 21:42 | Construir | House |
| 21:43 | Construir | House |
| 21:44 | Crear | Villager (Male) |
| 21:58 | Crear | Archer |
| 22:00 | Crear | Villager (Male) |
| 22:01 | Crear | Villager (Male) |
| 22:08 | Crear | Villager (Male) |
| 22:19 | Construir | University |
| 22:39 | Crear | Villager (Male) |
| 22:48 | Construir | House |
| 22:49 | Crear | Villager (Male) |
| 23:01 | Crear | Villager (Male) |
| 23:05 | Crear | Battering Ram |
| 23:19 | Crear | Villager (Male) |
| 23:40 | Crear | Villager (Male) |
| 23:45 | Crear | Archer |
| 23:46 | Crear | Archer |
| 23:49 | Construir | Archery Range |
| 23:58 | Crear | Villager (Male) |
| 24:03 | Construir | Siege Workshop |
| 24:10 | Crear | Villager (Male) |
| 24:13 | Crear | Villager (Male) |
| 24:19 | Crear | Villager (Male) |
| 24:27 | Investigar | Hand Cart |
| 24:28 | Investigar | Bow Saw |
| 24:28 | Investigar | Bow Saw |
| 24:46 | Construir | Stone Wall |
| 24:47 | Crear | Iron Pagoda |
| 24:57 | Crear | Villager (Male) |
| 25:05 | Crear | Villager (Male) |
| 25:07 | Crear | Iron Pagoda |
| 25:16 | Crear | Archer |
| 25:17 | Crear | Archer |
| 25:17 | Crear | Archer |
| 25:23 | Crear | Villager (Male) |
| 26:06 | Crear | Villager (Male) |
| 26:15 | Crear | Villager (Male) |
| 26:30 | Crear | Villager (Male) |
| 26:38 | Crear | Villager (Male) |
| 26:41 | Crear | Villager (Male) |
Cronología de la partida
| 4:29 | raw0000 · wall_segment Palisade Wall x1 |
| 4:29 | raw0000 · wall_segment Palisade Wall x1 |
| 5:02 | raw0000 · wall_segment Palisade Wall x1 |
| 5:07 | raw0000 · wall_segment Palisade Wall x1 |
| 5:08 | raw0000 · wall_segment Palisade Wall x1 |
| 7:08 | 只会种田 · wall_segment Palisade Wall x12 |
| 7:23 | 不路路 · first_building Barracks |
| 7:48 | raw0000 · wall_segment Palisade Wall x32 |
| 7:58 | JENIX · age_up feudal |
| 8:00 | JENIX · first_building Stable |
| 8:07 | Frostie · first_building Barracks |
| 8:29 | 不路路 · wall_segment Palisade Wall x2 |
| 8:45 | 只会种田 · wall_segment Palisade Wall x1 |
| 8:45 | 不路路 · wall_segment Palisade Wall x5 |
| 8:49 | 前三十分钟没有我 · first_building Barracks |
| 9:08 | 只会种田 · age_up feudal |
| 9:12 | 只会种田 · first_building Barracks |
| 9:17 | Frostie · age_up feudal |
| 9:35 | Frostie · first_building Archery Range |
| 9:36 | 只会种田 · wall_segment Palisade Wall x1 |
| 9:37 | 只会种田 · wall_segment Palisade Wall x1 |
| 9:38 | 不路路 · wall_segment Palisade Wall x3 |
| 9:40 | 不路路 · age_up feudal |
| 9:47 | 不路路 · first_building Archery Range |
| 9:50 | 卡卡罗特 · age_up feudal |
| 10:05 | 不路路 · wall_segment Stone Wall x4 |
| 10:09 | raw0000 · age_up feudal |
| 10:10 | 只会种田 · first_building Stable |
| 10:16 | raw0000 · wall_segment Stone Wall x33 |
| 10:25 | raw0000 · wall_segment Stone Wall x1 |
| 10:26 | Dunha · age_up feudal |
| 10:40 | 前三十分钟没有我 · age_up feudal |
| 10:42 | 前三十分钟没有我 · first_building Stable |
| 11:51 | 卡卡罗特 · first_building Barracks |
| 12:35 | 只会种田 · wall_segment Palisade Wall x1 |
| 13:02 | 卡卡罗特 · first_building Stable |
| 13:09 | Frostie · wall_segment Palisade Wall x3 |
| 13:24 | 卡卡罗特 · age_up castle |
| 14:23 | JENIX · wall_segment Palisade Wall x1 |
| 14:24 | JENIX · wall_segment Palisade Wall x2 |
| 14:26 | JENIX · wall_segment Palisade Wall x4 |
| 14:28 | Frostie · wall_segment Palisade Wall x1 |
| 14:30 | 不路路 · wall_segment Palisade Wall x1 |
| 14:49 | Dunha · age_up castle |
| 14:50 | 只会种田 · wall_segment Stone Wall x1 |
| 15:22 | Dunha · first_building Barracks |
| 16:31 | Dunha · first_building Stable |
| 16:52 | 只会种田 · wall_segment Stone Wall x1 |
| 17:34 | raw0000 · first_building Barracks |
| 18:01 | 前三十分钟没有我 · age_up castle |
| 18:06 | 前三十分钟没有我 · first_building Castle |
| 19:07 | 只会种田 · first_market_sell 100 wood |
| 19:10 | JENIX · age_up castle |
| 19:13 | 只会种田 · first_market_buy 100 food |
| 19:56 | raw0000 · age_up castle |
| 20:13 | raw0000 · first_building Siege Workshop |
| 20:19 | 不路路 · age_up castle |
| 20:20 | Dunha · first_market_buy 100 food |
| 20:25 | 不路路 · first_building Siege Workshop |
| 21:01 | raw0000 · first_market_sell 100 wood |
| 21:37 | JENIX · first_market_buy 100 food |
| 22:34 | 只会种田 · age_up castle |
| 22:43 | 卡卡罗特 · first_market_buy 100 wood |
| 23:59 | Frostie · age_up castle |
| 24:03 | Frostie · first_building Siege Workshop |
| 24:29 | 只会种田 · first_building Castle |
| 24:46 | 不路路 · wall_segment Stone Wall x1 |
| 25:33 | Dunha · first_market_sell 100 wood |
| 25:57 | 前三十分钟没有我 · first_market_sell 100 food |
| 27:17 | 不路路 · wall_segment Palisade Wall x1 |
| 28:17 | 不路路 · first_market_sell 100 wood |
| 30:47 | JENIX · first_market_sell 100 wood |
| 31:33 | 前三十分钟没有我 · first_building Monastery |
| 32:08 | Frostie · first_market_sell 100 food |
| 32:17 | JENIX · first_building Monastery |
| 32:28 | Frostie · wall_segment Palisade Wall x1 |
| 32:30 | Dunha · first_building Monastery |
| 33:33 | 卡卡罗特 · first_building Monastery |
| 33:38 | 只会种田 · first_building Siege Workshop |
| 34:37 | Frostie · first_market_buy 100 wood |
| 35:10 | Frostie · first_building Monastery |
| 35:18 | 前三十分钟没有我 · age_up imperial |
| 35:58 | JENIX · first_building Castle |
| 36:36 | JENIX · age_up imperial |
| 36:42 | Dunha · age_up imperial |
| 36:53 | Frostie · wall_segment Palisade Wall x1 |
| 37:35 | Dunha · first_building Castle |
| 37:35 | raw0000 · first_market_buy 100 stone |
| 37:44 | raw0000 · first_building Castle |
| 37:46 | 卡卡罗特 · first_market_sell 100 food |
| 38:04 | 不路路 · first_building Castle |
| 38:58 | 只会种田 · wall_segment Stone Wall x1 |
| 38:59 | 只会种田 · wall_segment Stone Wall x1 |
| 39:10 | 只会种田 · wall_segment Stone Wall x1 |
| 39:21 | 前三十分钟没有我 · tribute_sent a jugador 1 |
| 39:21 | 前三十分钟没有我 · tribute_sent a jugador 2 |
| 39:21 | 前三十分钟没有我 · tribute_sent a jugador 3 |
| 39:21 | 前三十分钟没有我 · tribute_sent a jugador 4 |
| 39:21 | 前三十分钟没有我 · tribute_sent a jugador 5 |
| 39:21 | 前三十分钟没有我 · tribute_sent a jugador 7 |
| 39:21 | 前三十分钟没有我 · tribute_sent a jugador 8 |
| 39:39 | 卡卡罗特 · wall_segment Stone Wall x4 |
| 39:44 | 卡卡罗特 · wall_segment Stone Wall x7 |
| 39:45 | JENIX · first_building Siege Workshop |
| 39:53 | 前三十分钟没有我 · first_building Siege Workshop |
| 39:58 | Frostie · wall_segment Stone Wall x9 |
| 40:04 | Frostie · wall_segment Stone Wall x12 |
| 40:08 | Frostie · wall_segment Stone Wall x6 |
| 40:09 | 卡卡罗特 · wall_segment Stone Wall x1 |
| 40:10 | Frostie · wall_segment Stone Wall x7 |
| 40:32 | 卡卡罗特 · first_building Castle |
| 41:44 | 卡卡罗特 · age_up imperial |
| 42:02 | Frostie · first_building Castle |
| 46:16 | raw0000 · wall_segment Stone Wall x15 |
| 46:41 | Dunha · first_building Archery Range |
| 46:43 | 前三十分钟没有我 · tribute_sent a jugador 1 |
| 46:43 | 前三十分钟没有我 · tribute_sent a jugador 2 |
| 46:43 | 前三十分钟没有我 · tribute_sent a jugador 3 |
| 46:43 | 前三十分钟没有我 · tribute_sent a jugador 4 |
| 46:43 | 前三十分钟没有我 · tribute_sent a jugador 5 |
| 46:43 | 前三十分钟没有我 · tribute_sent a jugador 7 |
| 46:43 | 前三十分钟没有我 · tribute_sent a jugador 8 |
| 46:54 | 前三十分钟没有我 · tribute_sent a jugador 1 |
| 46:54 | 前三十分钟没有我 · tribute_sent a jugador 2 |
| 46:54 | 前三十分钟没有我 · tribute_sent a jugador 3 |
| 46:54 | 前三十分钟没有我 · tribute_sent a jugador 4 |
| 46:54 | 前三十分钟没有我 · tribute_sent a jugador 5 |
| 46:54 | 前三十分钟没有我 · tribute_sent a jugador 7 |
| 46:54 | 前三十分钟没有我 · tribute_sent a jugador 8 |
| 47:03 | 不路路 · wall_segment Stone Wall x1 |
| 47:06 | raw0000 · first_building Stable |
| 47:25 | 不路路 · wall_segment Stone Wall x15 |
| 47:39 | 卡卡罗特 · first_building Archery Range |
| 47:47 | raw0000 · first_building Krepost |
| 47:49 | Frostie · age_up imperial |
| 48:31 | 只会种田 · age_up imperial |
| 48:35 | Frostie · wall_segment Stone Wall x5 |
| 49:00 | raw0000 · wall_segment Stone Wall x1 |
| 49:05 | raw0000 · wall_segment Stone Wall x1 |
| 49:12 | raw0000 · wall_segment Stone Wall x1 |
| 49:21 | 前三十分钟没有我 · first_market_buy 100 stone |
| 49:44 | 只会种田 · wall_segment Stone Wall x1 |
| 49:46 | 只会种田 · wall_segment Stone Wall x1 |
| 50:14 | 卡卡罗特 · first_building Siege Workshop |
| 50:59 | raw0000 · age_up imperial |
| 51:19 | 只会种田 · first_building Archery Range |
| 51:20 | raw0000 · wall_segment Stone Wall x7 |
| 51:21 | raw0000 · wall_segment Stone Wall x6 |
| 51:44 | raw0000 · wall_segment Stone Wall x1 |
| 51:49 | raw0000 · wall_segment Stone Wall x1 |
| 51:51 | 不路路 · age_up imperial |
| 53:18 | Frostie · wall_segment Stone Wall x10 |
| 53:20 | Frostie · wall_segment Stone Wall x8 |
| 53:23 | raw0000 · wall_segment Stone Wall x3 |
| 53:23 | Frostie · wall_segment Stone Wall x1 |
| 53:23 | 只会种田 · wall_segment Stone Wall x1 |
| 54:42 | Dunha · wall_segment Stone Wall x17 |
| 57:08 | Frostie · wall_segment Stone Wall x4 |
| 60:26 | 前三十分钟没有我 · tribute_sent a jugador 1 |
| 60:26 | 前三十分钟没有我 · tribute_sent a jugador 2 |
| 60:26 | 前三十分钟没有我 · tribute_sent a jugador 3 |
| 60:26 | 前三十分钟没有我 · tribute_sent a jugador 4 |
| 60:26 | 前三十分钟没有我 · tribute_sent a jugador 5 |
| 60:26 | 前三十分钟没有我 · tribute_sent a jugador 7 |
| 60:26 | 前三十分钟没有我 · tribute_sent a jugador 8 |
| 62:12 | Dunha · wall_segment Stone Wall x4 |
| 62:50 | JENIX · tribute_sent a jugador 1 |
| 62:50 | JENIX · tribute_sent a jugador 2 |
| 62:50 | JENIX · tribute_sent a jugador 3 |
| 62:50 | JENIX · tribute_sent a jugador 4 |
| 62:50 | JENIX · tribute_sent a jugador 5 |
| 62:50 | JENIX · tribute_sent a jugador 6 |
| 62:50 | JENIX · tribute_sent a jugador 8 |
| 63:09 | 卡卡罗特 · wall_segment Stone Wall x1 |
| 63:10 | 卡卡罗特 · wall_segment Stone Wall x1 |
| 63:29 | JENIX · tribute_sent a jugador 1 |
| 63:29 | JENIX · tribute_sent a jugador 2 |
| 63:29 | JENIX · tribute_sent a jugador 3 |
| 63:29 | JENIX · tribute_sent a jugador 4 |
| 63:29 | JENIX · tribute_sent a jugador 5 |
| 63:29 | JENIX · tribute_sent a jugador 6 |
| 63:29 | JENIX · tribute_sent a jugador 8 |
| 63:48 | 卡卡罗特 · wall_segment Stone Wall x3 |
| 64:23 | 卡卡罗特 · wall_segment Stone Wall x1 |
| 64:44 | JENIX · tribute_sent a jugador 1 |
| 64:44 | JENIX · tribute_sent a jugador 2 |
| 64:44 | JENIX · tribute_sent a jugador 3 |
| 64:44 | JENIX · tribute_sent a jugador 4 |
| 64:44 | JENIX · tribute_sent a jugador 5 |
| 64:44 | JENIX · tribute_sent a jugador 6 |
| 64:44 | JENIX · tribute_sent a jugador 8 |
| 67:07 | 前三十分钟没有我 · tribute_sent a jugador 1 |
| 67:07 | 前三十分钟没有我 · tribute_sent a jugador 2 |
| 67:07 | 前三十分钟没有我 · tribute_sent a jugador 3 |
| 67:07 | 前三十分钟没有我 · tribute_sent a jugador 4 |
| 67:07 | 前三十分钟没有我 · tribute_sent a jugador 5 |
| 67:07 | 前三十分钟没有我 · tribute_sent a jugador 7 |
| 67:07 | 前三十分钟没有我 · tribute_sent a jugador 8 |
| 67:36 | 不路路 · first_market_buy 100 stone |
| 68:34 | 卡卡罗特 · wall_segment Stone Wall x1 |
| 68:37 | Dunha · wall_segment Stone Wall x4 |
| 70:38 | 不路路 · wall_segment Stone Wall x6 |
| 72:12 | raw0000 · resign |
[ ANÁLISIS IA · 1 CRÉDITO ]
¿Qué pasó realmente en esta partida?
Wolo.gg analiza cada decisión: build order, eco, micro, errores típicos por bracket. Análisis personalizado por WhatsApp o Discord en 30 segundos.
Guía civ
Kitán
Perfil
Jugador #22566038